 Dungeon Crawl Stone Soup version 0.18.1-1-g2f07953 (webtiles) character file.

73321 unimpressed the Executioner (level 15, -1/130 HPs)
             Began as a Minotaur Berserker on May 10, 2016.
             Was the Champion of Trog.
             Slain by Norris
             ... wielding a +0 war axe
              (12 damage)
             ... on level 13 of the Dungeon.
             The game lasted 01:01:30 (23850 turns).

unimpressed the Executioner (Minotaur Berserker)   Turns: 23850, Time: 01:01:31

Health: -1/130     AC: 27    Str: 30    XL:     15   Next: 3%
Magic:  20/20      EV:  9    Int: -1 (4) God:    Trog [******]
Gold:   1318       SH:  0    Dex: 15    Spells: 0 memorised, 14 levels left

rFire  . . .     SeeInvis .     H - +4 executioner's axe (elec)
rCold  . . .     Gourm    .     s - +4 plate armour
rNeg   . . .     Faith    +     (shield currently unavailable)
rPois  +         Spirit   .     g - +2 hat
rElec  +         Dismiss  .     j - +0 cloak
rCorr  +         Reflect  .     e - +1 pair of gloves of the Equinox {rElec rCorr}
SustAt .         Harm     .     N - +0 pair of boots
MR     +++..                    F - amulet of faith
Stlth  ..........               t - +2 ring of strength
                                o - ring of poison resistance

@: mighty, very slightly contaminated, regenerating, hasted and slowed, lost
intelligence, studying Evocations, extremely resistant to hostile enchantments,
extremely unstealthy
A: retaliatory headbutt, horns 2, shaggy fur 1
a: Berserk, Trog's Hand, Brothers in Arms, Burn Spellbooks, Renounce Religion


You were on level 13 of the Dungeon.
You worshipped Trog.
Trog was exalted by your worship.
You were very hungry.

You visited 4 branches of the dungeon, and saw 24 of its levels.

You collected 2282 gold pieces.
You spent 964 gold pieces at shops.

Inventory:

Hand Weapons
 c - a +1 executioner's axe of freezing
 i - a +6 antimagic battleaxe
 y - the +6 halberd of the Pit {flame, rPois}
   (You found it on level 5 of the Dungeon)

   It has been specially enchanted to burn those struck by it, causing extra
   injury to most foes and up to half again as much damage against particularly
   susceptible opponents.
   Big, fiery blades are also staple armaments of hydra-hunters.
   It protects you from poison.
 H - a +4 executioner's axe of electrocution (weapon)
Missiles
 W - 6 poisoned tomahawks (quivered)
Armour
 e - the +1 pair of gloves of the Equinox (worn) {rElec rCorr}
   (You acquired it on level 6 of the Lair of Beasts)

   It insulates you from electricity.
   It protects you from acid and corrosion.
 g - a +2 hat (worn)
 j - a +0 cloak (worn)
 m - the +1 plate armour "Wulidejobb" {Dex+4 SInv}
   (You bought it in a shop on level 2 of the Orcish Mines)

   It affects your dexterity (+4).
   It lets you see invisible.
 s - a +4 plate armour (worn)
 N - a +0 pair of boots (worn)
Jewellery
 o - a ring of poison resistance (left hand)
 t - a +2 ring of strength (right hand)
 x - an uncursed ring of protection from cold
 z - a +4 ring of dexterity
 F - an amulet of faith (around neck)
Wands
 n - a wand of iceblast (7/15)
 r - a wand of digging (16/24)
 A - a wand of acid (14/15)
 G - a wand of lightning (6/15)
 J - a wand of digging (18/24)
Scrolls
 a - 3 scrolls of blinking
 q - a scroll of magic mapping
 u - 3 scrolls of identify
 v - a scroll of remove curse
 C - 2 scrolls of fear
 K - 2 scrolls of fog
Potions
 h - 3 potions of heal wounds
 l - a potion of might
 p - 6 potions of curing
 D - a potion of haste
 E - a potion of agility
 O - 3 potions of brilliance
 P - 3 potions of ambrosia
 Q - a potion of cancellation
 T - 3 potions of cure mutation
 Y - a potion of invisibility
Books
 b - a book of the Sky

   Spells                             Type                      Level
   a - Summon Lightning Spire         Summoning/Air                4
   b - Airstrike                      Air                          4
   c - Silence                        Hexes/Air                    5
   d - Deflect Missiles               Charms/Air                   6
   e - Conjure Ball Lightning         Conjuration/Air              6
   f - Tornado                        Air                          9
   Trog disapproves of the use of such an item.
 w - a manual of Evocations
Comestibles
 d - 4 meat rations
 f - 5 bread rations
 k - 11 fruits
 B - a beef jerky
 I - 4 chunks of flesh


   Skills:
 * Level 11.4 Fighting
 * Level 22.2 Axes
 * Level 9.4 Throwing
 * Level 10.4 Armour
 - Level 2.1 Dodging
 + Level 8.4 Evocations


You had 14 spell levels left.
You didn't know any spells.

Dungeon Overview and Level Annotations

Branches:
Dungeon (13/15)            Temple (1/1) D:6            Lair (8/8) D:8
 Shoals (0/4) Lair:4       Spider (0/4) Lair:6        Slime (0/6) Lair:8
    Orc (2/2) D:9             Elf (0/3) Orc:2
 Vaults: D:13-14

Altars:
Ashenzari
Dithmenos
Elyvilon
Fedhas
Kikubaaqudgha
Nemelex Xobeh
Pakellas
Qazlal
Ru
Trog
Vehumet
Xom
Yredelemnul
The Shining One
Beogh
Jiyva

Shops:
D:5 [   Orc:2 =*[[(

Annotations:
D:13 Norris
Lair:4 exclusion: ice statue


Innate Abilities, Weirdness & Mutations

You reflexively headbutt those who attack you in melee.
You have a pair of horns on your head.
You are covered in fur (AC +1).


Message History

Norris is moderately wounded.
You slice Norris!! You headbutt Norris.
Norris is heavily wounded.
Norris completely misses you. You furiously retaliate!
You headbutt Norris. Norris blocks your attack.
Norris is heavily wounded.
Norris hits you with a war axe!!
* * * LOW HITPOINT WARNING * * *
Norris blocks your attack.
Norris is heavily wounded.
Norris hits you but does no damage.
You slice Norris!! You headbutt Norris!
Norris is severely wounded.
Norris blocks your attack.
Norris is severely wounded.
Norris hits you but does no damage.
You slash Norris!
Norris is almost dead.
Norris hits you with a war axe!
You die...

# # ....... #..
..... #.. .....
...... ##.. ....
......# #.. #..#
......###.### #p.
............# #@#
............# #@#
............####.#
........)........#
#+###...........(#
....#..###'###[..#
....'..#.....#...#
....#(.#.....#...#
..[.#..#.....#...#
....#..#####+#...#


You could see Norris and a human.

Vanquished Creatures
  Saint Roka (Orc:2)
  Maud (D:11)
  4 dire elephants (Lair:8)
  Snorg (Orc:1)
  A fire dragon (D:13)
  Erolcha (D:13)
  Josephine (Lair:6)
  3 hydras
  Erica (Orc:1)
  An anaconda (Lair:8)
  Harold (D:10)
  An ogre mage (Orc:1)
  A tengu warrior (D:13)
  An orc high priest (Orc:2)
  Urug (D:10)
  Nergalle (Orc:1)
  2 orc knights
  5 hill giants
  4 orc sorcerers (Orc:2)
  2 griffons
  An ugly thing (D:13)
  20 elephants
  6 black mambas
  2 sirens (Lair:4)
  3 torpor snails
  9 spiny frogs
  2 rime drakes
  4 komodo dragons
  7 trolls
  2 merfolk (Lair:4)
  4 polar bears (Lair:4)
  3 two-headed ogres
  5 blink frogs (Lair:7)
  2 boulder beetles
  Grinder (D:3)
  50 yaks
  Sigmund (D:4)
  A spriggan (D:8)
  2 wyverns
  5 basilisks
  4 wraiths
  4 hungry ghosts
  A steam dragon (D:12)
  Grum (D:10)
  15 humans (D:13)
  11 hippogriffs
  7 wargs
  10 water moccasins
  10 porcupines
  15 orc warriors
  A wasp (D:12)
  8 ice beasts
  3 black bears
  An eye of draining (D:9)
  11 ogres
  4 phantoms
  8 wolves
  21 centaurs
  14 crocodiles
  2 big kobolds
  25 giant frogs
  3 water moccasin zombies
  4 scorpions
  2 troll zombies (D:9)
  12 killer bees
  3 wights (D:12)
  3 howler monkeys
  2 electric eels (D:11)
  7 crimson imps
  2 centaur zombies
  A giant frog zombie (D:8)
  2 centaur skeletons
  18 orc priests
  2 hounds
  3 jellies
  23 orc wizards
  Ijyb (D:3)
  A giant frog skeleton (D:5)
  Natasha (D:3)
  Terence (D:3)
  8 iguanas
  5 worker ants
  10 sheep (Lair:3)
  2 killer bee zombies
  4 ogre zombies (D:9)
  A worker ant zombie (D:11)
  17 adders
  22 river rats
  3 shadow imps
  A white imp (Lair:4)
  An ooze (D:3)
  3 worms
  3 dart slugs
  7 giant geckos
  101 orcs
  8 bats
  4 giant cockroaches
  6 goblins
  3 hobgoblins
  11 jackals
  6 quokkas
  A ball python (D:7)
  8 giant newts
  A goblin skeleton (D:9)
  5 goblin zombies (D:9)
  A hobgoblin zombie (D:9)
  14 kobolds
  4 orc skeletons (D:9)
  8 orc zombies (D:9)
  A quokka zombie (D:9)
  5 rats
  4 plants (Lair:8)
709 creatures vanquished.

Vanquished Creatures (others)
  An orc wizard (D:8)
  9 fungi
  8 plants
18 creatures vanquished.

Grand Total: 727 creatures vanquished

Notes
Turn   | Place    | Note
--------------------------------------------------------------
     0 | D:1      | unimpressed the Minotaur Berserker began the quest for the Orb.
     0 | D:1      | Reached XP level 1. HP: 19/19 MP: 0/0
    74 | D:1      | Reached skill level 4 in Axes
   194 | D:1      | Reached XP level 2. HP: 24/26 MP: 1/1
  1136 | D:2      | Reached skill level 5 in Axes
  1222 | D:2      | Reached XP level 3. HP: 24/31 MP: 2/2
  1389 | D:2      | Reached ** piety under Trog
  1538 | D:2      | Found a stormy altar of Qazlal.
  1540 | D:2      | Noticed a fire elemental
  1540 | D:2      | Noticed an air elemental
  1541 | D:2      | Noticed a water elemental
  1541 | D:2      | Noticed an earth elemental
  1574 | D:2      | Reached XP level 4. HP: 11/39 MP: 3/3
  1681 | D:2      | Reached skill level 6 in Axes
  1945 | D:2      | Found a blossoming altar of Fedhas.
  2019 | D:2      | Found a radiant altar of Vehumet.
  2019 | D:2      | Found an ancient bone altar of Kikubaaqudgha.
  2025 | D:2      | Found a basalt altar of Yredelemnul.
  2041 | D:2      | Found an oddly glowing altar of Pakellas.
  2045 | D:2      | Found a glowing golden altar of the Shining One.
  2388 | D:3      | Found a white marble altar of Elyvilon.
  2469 | D:3      | Reached skill level 7 in Axes
  2469 | D:3      | Reached XP level 5. HP: 6/45 MP: 4/4
  2694 | D:3      | Noticed Natasha
  2699 | D:3      | Killed Natasha
  2886 | D:3      | Reached skill level 8 in Axes
  2947 | D:3      | Noticed Grinder
  2949 | D:3      | Noticed Ijyb
  2958 | D:3      | Killed Grinder
  2958 | D:3      | Reached skill level 9 in Axes
  2958 | D:3      | Reached XP level 6. HP: 51/51 MP: 5/5
  2960 | D:3      | Killed Ijyb
  3024 | D:3      | Noticed Terence
  3036 | D:3      | Killed Terence
  3423 | D:4      | Found a sacrificial altar of Ru.
  3453 | D:4      | Noticed Sigmund
  3459 | D:4      | Killed Sigmund
  3459 | D:4      | Reached skill level 10 in Axes
  3459 | D:4      | Reached XP level 7. HP: 57/57 MP: 6/6
  3793 | D:4      | Reached *** piety under Trog
  3997 | D:5      | Entered Level 5 of the Dungeon
  4058 | D:5      | Got a brightly glowing halberd
  4059 | D:5      | Identified the +6 halberd of the Pit {flame, rPois} (You found it on level 5 of the Dungeon)
  4089 | D:5      | Reached skill level 11 in Axes
  4094 | D:5      | Found a shimmering altar of Xom.
  4106 | D:5      | Found a shadowy altar of Dithmenos.
  4583 | D:5      | Reached XP level 8. HP: 64/64 MP: 7/7
  4668 | D:5      | Found Maplios's Armour Boutique.
  4856 | D:5      | Found a shattered altar of Ashenzari.
  4900 | D:6      | Found a basalt altar of Yredelemnul.
  5003 | D:6      | Reached skill level 12 in Axes
  5165 | D:6      | Found a staircase to the Ecumenical Temple.
  5171 | Temple   | Entered the Ecumenical Temple
  5191 | D:6      | Found a sparkling altar of Nemelex Xobeh.
  5247 | D:6      | Found a bloodstained altar of Trog.
  5523 | D:7      | Reached **** piety under Trog
  5791 | D:7      | Reached skill level 13 in Axes
  6336 | D:8      | Reached XP level 9. HP: 70/70 MP: 8/8
  6369 | D:8      | Reached skill level 14 in Axes
  6390 | D:8      | Found a staircase to the Lair.
  6425 | D:8      | Reached skill level 15 in Axes
  7059 | D:9      | Reached skill level 16 in Axes
  7085 | D:9      | Found a staircase to the Orcish Mines.
  7178 | D:9      | Noticed a troll
  7187 | D:9      | Killed a troll
  7187 | D:9      | Reached XP level 10. HP: 34/77 MP: 9/9
  7823 | D:10     | Entered Level 10 of the Dungeon
  7826 | D:10     | Noticed Grum
  7984 | D:9      | Reached skill level 17 in Axes
  8110 | D:10     | Killed Grum
  8436 | D:10     | Noticed a hill giant
  8444 | D:10     | Killed a hill giant
  8490 | D:10     | Noticed Urug
  8500 | D:10     | Killed Urug
  8500 | D:10     | Reached skill level 18 in Axes
  8736 | D:10     | Reached ***** piety under Trog
  8847 | D:10     | Reached XP level 11. HP: 80/82 MP: 10/10
  8864 | D:10     | Noticed Harold
  8881 | D:10     | Killed Harold
  8945 | D:10     | Reached skill level 19 in Axes
  9148 | D:10     | Noticed a hill giant
  9150 | D:10     | Killed a hill giant
  9327 | Lair:1   | Entered Level 1 of the Lair of Beasts
  9601 | Lair:1   | Got a pitted trident
  9602 | Lair:1   | Identified the cursed +1 trident of Perfectionism {freeze, rPois} (You found it on level 1 of the Lair of Beasts)
 10047 | Lair:1   | Reached skill level 20 in Axes
 10744 | Lair:2   | Received a gift from Trog
 11327 | Lair:3   | Reached skill level 1 in Throwing
 11376 | Lair:3   | Reached skill level 1 in Evocations
 11406 | Lair:3   | Noticed an eight-headed hydra
 11416 | Lair:3   | Killed a three-headed hydra
 11573 | Lair:3   | Reached XP level 12. HP: 92/92 MP: 12/12
 12256 | Lair:4   | Reached skill level 5 in Fighting
 12542 | Lair:4   | Found a staircase to the Shoals.
 12560 | Lair:4   | Received a gift from Trog
 12626 | Lair:4   | Reached skill level 5 in Armour
 13316 | Lair:4   | Reached skill level 21 in Axes
 14478 | Lair:6   | Noticed Josephine
 14484 | Lair:6   | Killed Josephine
 14623 | Lair:6   | Found a hole to the Spider Nest.
 14804 | Lair:6   | Identified a scroll of acquirement
 14805 | Lair:6   | Got a pair of bloodstained gloves
 14816 | Lair:6   | Identified the +1 pair of gloves of the Equinox {rElec rCorr} (You acquired it on level 6 of the Lair of Beasts)
 14863 | Lair:6   | Received a gift from Trog
 14874 | Lair:6   | Reached skill level 5 in Throwing
 14874 | Lair:6   | Reached XP level 13. HP: 88/105 MP: 15/15
 15277 | Lair:7   | Reached skill level 5 in Evocations
 15844 | Lair:7   | Received a gift from Trog
 16040 | Lair:7   | Found a radiant altar of Vehumet.
 16422 | Lair:8   | Entered Level 8 of the Lair of Beasts
 16721 | Lair:8   | Found a viscous altar of Jiyva.
 16722 | Lair:8   | Found a staircase to the Slime Pits.
 16776 | Lair:8   | Reached ****** piety under Trog
 16887 | Lair:8   | Received a gift from Trog
 17906 | Lair:8   | Noticed a dire elephant
 17920 | Lair:8   | Killed a dire elephant
 17920 | Lair:8   | Reached XP level 14. HP: 88/118 MP: 17/17
 18777 | Orc:1    | Entered Level 1 of the Orcish Mines
 18777 | Orc:1    | Noticed Erica
 18785 | Orc:1    | Killed Erica
 18824 | Orc:1    | Noticed Nergalle
 18837 | Orc:1    | Killed Nergalle
 18841 | Orc:1    | Received a gift from Trog
 18859 | Orc:1    | Noticed Snorg
 19025 | Orc:1    | Killed Snorg
 19467 | Orc:1    | Reached skill level 10 in Fighting
 20037 | Orc:2    | Entered Level 2 of the Orcish Mines
 20037 | Orc:2    | Found Pessiriw's General Store.
 20178 | Orc:2    | Bought a scroll of identify for 32 gold pieces
 20180 | Orc:2    | Gained mutation: You are covered in fur (AC +1). [potion of beneficial mutation]
 20210 | Orc:2    | Found a staircase to the Elven Halls.
 20277 | Orc:2    | Found a roughly hewn altar of Beogh.
 20339 | Orc:2    | Found Nyim's Jewellery Boutique.
 20530 | Orc:2    | Received a gift from Trog
 20692 | Orc:2    | Found a roughly hewn altar of Beogh.
 20718 | Orc:2    | Found a roughly hewn altar of Beogh.
 20805 | Orc:2    | Found a roughly hewn altar of Beogh.
 20805 | Orc:2    | Found Iciomi's Antique Armour Boutique.
 20817 | Orc:2    | Received a gift from Trog
 20847 | Orc:2    | Bought an embroidered hat for 92 gold pieces
 21135 | Orc:2    | Paralysed by an orc sorcerer for 5 turns
 21451 | Orc:2    | Noticed Saint Roka
 21753 | Orc:2    | Killed Saint Roka
 21753 | Orc:2    | Reached skill level 10 in Armour
 21797 | Orc:2    | Received a gift from Trog
 21845 | Orc:2    | Found Mawiegala's Antique Weapon Shop.
 21848 | Orc:2    | Found a roughly hewn altar of Beogh.
 21851 | Orc:2    | Found Jataog's Antique Armour Boutique.
 21864 | Orc:2    | Bought an encrusted plate armour for 840 gold pieces
 21874 | Orc:2    | Identified the +1 plate armour "Wulidejobb" {Dex+4 SInv} (You bought it in a shop on level 2 of the Orcish Mines)
 22138 | D:11     | Noticed Maud
 22160 | D:11     | Killed Maud
 22860 | D:12     | Reached skill level 22 in Axes
 22978 | D:12     | Received a gift from Trog
 23582 | D:13     | Noticed Erolcha
 23588 | D:13     | Killed Erolcha
 23764 | D:13     | Noticed Norris
 23799 | D:13     | Reached XP level 15. HP: 88/130 MP: 20/20
 23814 | D:13     | Lost intelligence.
 23832 | D:13     | Paralysed by something for 3 turns
 23839 | D:13     | HP: 2/130 [something (24)]
 23846 | D:13     | HP: 6/130 [Norris/war axe (19)]
 23850 | D:13     | Slain by Norris

Skill      XL: |  1  2  3  4  5  6  7  8  9 10 11 12 13 14 |
---------------+-------------------------------------------+-----
Axes           | 4 5 7 9 10 11 13 16 18 20 21 22 | 22.2
Fighting       | 4 7 9 11 | 11.4
Armour         | 3 6 8 10 | 10.4
Throwing       | 1 5 7 9 |  9.4
Evocations     | 1 4 6 8 |  8.4
Dodging        | |  2.1

Action                   |  1- 3 |  4- 6 |  7- 9 | 10-12 | 13-15 || total
-------------------------+-------+-------+-------+-------+-------++-------
Melee: Hand axe          |    80 |       |       |       |       ||    80
       Headbutt          |    10 |    14 |    44 |   118 |   223 ||   409
       War axe           |     8 |    88 |    37 |       |       ||   133
       Halberd           |       |       |   244 |   595 |   693 ||  1532
       Battleaxe         |       |       |       |       |   114 ||   114
       Executioner's axe |       |       |       |       |   119 ||   119
Invok: Trog's Hand       |     1 |     5 |     1 |     5 |    11 ||    23
       Berserk           |       |     2 |     2 |       |     7 ||    11
       Burn Spellbooks   |       |       |     1 |     2 |     2 ||     5
  Use: Scroll            |       |     4 |     3 |    17 |    10 ||    34
       Potion            |       |       |     1 |     3 |     5 ||     9
  Eat: Chunk             |     2 |     8 |    17 |    25 |    34 ||    86
       Beef jerky        |       |       |     1 |     1 |     3 ||     5
       Pizza             |       |       |       |     1 |       ||     1
Armor: Animal skin       |    19 |     8 |       |       |       ||    27
       Scale mail        |       |    11 |    85 |       |       ||    96
       Plate armour      |       |       |    41 |   299 |   515 ||   855
Dodge: Dodged            |    63 |    53 |   103 |   171 |   291 ||   681
